 Dungeon Crawl Stone Soup version 0.24-a0-420-g24607be9ce (webtiles) character file.

Game seed: 10062862375477478538

81085 SnubMonkey the Brawler (level 15, 0/152 HPs)
             Began as a Troll Wizard on June 11, 2019.
             Was the Champion of Cheibriados.
             Slain by a sixfirhy (12 damage)
             ... summoned by an orc sorcerer
             ... while paralysed by an orc sorcerer
             ... on level 1 of the Orcish Mines.
             The game lasted 00:58:07 (20406 turns).

SnubMonkey the Brawler (Troll Wizard)              Turns: 20406, Time: 00:58:08

Health: 0/152      AC: 20    Str: 37    XL:     15   Next: 25%
Magic:  0/21       EV:  1    Int: 37    God:    Cheibriados [******]
Gold:   1651       SH:  0    Dex: 23    Spells: 8/18 levels left

rFire    + . .     SeeInvis +     - Unarmed
rCold    . . .     Gourm    +   X - +0 large shield
rNeg     . . .     Faith    .   I - +3 fire dragon scales "Hoijif" {rF++ rC- Str+3}
rPois    .         Spirit   +   C - +1 hat {Int+3}
rElec    .         Reflect  .   z - +2 cloak {+Inv}
rCorr    .         Harm     .   (gloves unavailable)
MR       +....                  (boots unavailable)
Stlth    +.........             Q - amulet of guardian spirit
HPRegen  0.75/turn              s - ring of see invisible
MPRegen  0.17/turn              G - ring of ice

@: paralysed, very slightly contaminated, invisible (expiring), very slow
A: large, unfitting armour, claws 3, fast metabolism 3, gourmand, regeneration
1, shaggy fur 1, tough skin 3
a: Bend Time, Temporal Distortion, Slouch, Step From Time, Renounce Religion


You were on level 1 of the Orcish Mines.
You worshipped Cheibriados.
Cheibriados was exalted by your worship.
You were completely stuffed.

You visited 4 branches of the dungeon, and saw 23 of its levels.
You visited the Abyss 2 times.
You also visited: Volcano.

You collected 1903 gold pieces.
You spent 252 gold pieces at shops.

Inventory:

Missiles
 i - 11 boomerangs
 A - 18 curare-tipped darts (quivered)
 D - 6 javelins
 K - 3 throwing nets
 L - 13 large rocks
 M - 165 arrows
 Z - 6 atropa-tipped darts
Armour
 z - a +2 cloak of invisibility (worn)
 C - a +1 hat of intelligence (worn)
 I - the +3 fire dragon scales "Hoijif" (worn) {rF++ rC- Str+3}
   (You took it off a skeletal warrior in a volcano)

   It affects your strength (+3).
   It greatly protects you from fire.
   It makes you vulnerable to cold.
 X - a +0 large shield (worn)
Magical Staves
 m - an uncursed staff of energy
 V - an uncursed staff of air
Jewellery
 c - an uncursed ring of resist corrosion
 s - a ring of see invisible (left claw)
 G - a ring of ice (right claw)
 Q - an amulet of guardian spirit (around neck)
 R - a +5 ring of strength
 T - an uncursed ring of protection from fire
Wands
 t - a wand of enslavement (11)
 w - a wand of polymorph (6)
 E - a wand of clouds (4)
 J - a wand of iceblast (11)
 N - a wand of digging (3)
 P - a wand of scattershot (3)
 W - a wand of acid (3)
Scrolls
 a - 2 scrolls of enchant armour
 f - 11 scrolls of teleportation
 g - 3 scrolls of amnesia
 h - 3 scrolls of blinking
 v - 4 scrolls of remove curse
 y - 4 scrolls of fog
 O - 3 scrolls of identify
Potions
 b - 6 potions of resistance
 d - a potion of invisibility
 j - 2 potions of agility
 k - 6 potions of curing
 l - 2 potions of cancellation
 n - 2 potions of might
 o - 3 potions of lignification
 q - 5 potions of magic
 r - 5 potions of heal wounds
 u - 4 potions of brilliance
 x - 4 potions of flight
 B - 2 potions of mutation
 H - a potion of ambrosia
Miscellaneous
 S - a box of beasts
 Y - a lamp of fire
Comestibles
 e - 40 rations
 p - 2 chunks of flesh


   Skills:
 + Level 10.4 Fighting
 + Level 10.1 Throwing
 - Level 3.1 Armour
 - Level 1.5 Dodging
 - Level 1.0 Stealth
 * Level 3.7 Shields
 + Level 16.9 Unarmed Combat
 - Level 2.0 Spellcasting
 - Level 0.6 Conjurations
 - Level 0.6 Summonings
 - Level 2.0 Translocations
 - Level 2.8 Transmutations
 - Level 10.0 Invocations


You had 8 spell levels left.
You knew the following spells:

 Your Spells              Type           Power        Failure   Level  Hunger
a - Magic Dart            Conj           #...         65%         1    None
b - Call Imp              Summ           #.......     80%         2    ##.....
v - Passwall              Tmut/Erth      ##......     69%         2    ##.....
A - Summon Butterflies    Summ           #.......     65%         1    None
B - Sticks to Snakes      Tmut           ###.....     50%         2    ##.....
X - Blink                 Tloc           N/A          58%         2    ##.....

Your spell library contained the following spells:

 Spells                   Type           Power        Failure   Level  Hunger
 Beastly Appendage        Tmut           ###...       36%         1    None
 Apportation              Tloc           ###...       45%         1    None
 Summon Small Mammal      Summ           #...         65%         1    None
 Animate Skeleton         Necr           N/A          75%         1    None
 Confusing Touch          Hex            #.....       75%         1    None
 Corona                   Hex            #......      75%         1    None
 Sandblast                Erth           #.....       75%         1    None
 Ensorcelled Hibernation  Hex/Ice        #.....       86%         2    ##.....
 Poisonous Vapours        Pois/Air       #.....       86%         2    ##.....
 Slow                     Hex            #.......     86%         2    ##.....
 Sublimation of Blood     Necr           #.........   86%         2    ##.....
 Spider Form              Tmut/Pois      ##........   89%         3    ###....
 Recall                   Summ/Tloc      N/A          90%         3    ###....
 Call Canine Familiar     Summ           #.......     95%         3    ###....
 Conjure Flame            Conj/Fire      #.......     97%         3    ###....
 Dazzling Spray           Conj/Hex       #.....       97%         3    ###....
 Mephitic Cloud           Conj/Pois/Air  #.......     97%         3    ###....
 Stone Arrow              Conj/Erth      #.....       97%         3    ###....
 Confuse                  Hex            #.......     98%         3    ###....
 Tukima's Dance           Hex            #.......     98%         3    ###....
 Animate Dead             Necr           N/A          100%        4    ####...
 Ice Form                 Ice/Tmut       ###.....     100%        4    ####...
 Petrify                  Tmut/Erth      ##......     100%        4    ####...
 Summon Ice Beast         Ice/Summ       #.......     100%        4    ####...
 Summon Lightning Spire   Summ/Air       #.......     100%        4    ####...
 Aura of Abjuration       Summ           #.........   100%        5    ######.
 Blade Hands              Tmut           ###.......   100%        5    ######.
 Bolt of Magma            Conj/Fire/Erth #.........   100%        5    ######.
 Fireball                 Conj/Fire      #.........   100%        5    ######.
 Iskenderun's Battlesphe  Conj/Chrm      #.......     100%        5    ######.
 Lee's Rapid Deconstruct  Erth           #.........   100%        5    ######.
 Summon Demon             Summ           #.........   100%        5    ######.
 Summon Forest            Summ/Tloc      ##........   100%        5    ######.
 Summon Mana Viper        Hex/Summ       #.......     100%        5    ######.
 Venom Bolt               Conj/Pois      #.........   100%        5    ######.
 Bolt of Cold             Conj/Ice       #.........   100%        6    #######
 Freezing Cloud           Conj/Ice/Air   #.........   100%        6    #######
 Iron Shot                Conj/Erth      #.........   100%        6    #######
 Shadow Creatures         Summ           N/A          100%        6    #######
 Orb of Destruction       Conj           #.........   100%        7    #######
 Ring of Flames           Chrm/Fire      #.........   100%        7    #######
 Spellforged Servitor     Conj/Summ      #.........   100%        7    #######
 Summon Hydra             Summ           #.........   100%        7    #######


Dungeon Overview and Level Annotations

Branches:
Dungeon (15/15)            Temple (1/1) D:6            Lair (6/6) D:8
  Swamp (0/4) Lair:2        Snake (0/4) Lair:3        Slime (0/5) Lair:5
    Orc (1/2) D:11         Vaults (0/5) D:13         Depths (0/5) D:15

Altars:
Ashenzari
Cheibriados
Fedhas
Gozag
Kikubaaqudgha
Makhleb
Nemelex Xobeh
Okawaru
Qazlal
Ru
Sif Muna
Uskayaw
Vehumet
Wu Jian
Xom
Yredelemnul
The Shining One

Shops:
D:6 !   D:11 *

Annotations:
Lair:1 1 runed translucent door, Gaatiu's ghost, journeyman TrMo
Lair:2 exclusions: 2 lava snakes and orange crystal statue
Lair:3 2 runed translucent doors, Xol Empe's ghost, journeyman DsFi


Innate Abilities, Weirdness & Mutations

You are too large for most types of armour.
You have claws for hands.
Your metabolism is lightning-fast.
You like to eat raw meat.
Your natural rate of healing is unusually fast.
You are covered in fur. (AC +1)
You have extremely tough skin. (AC +3)


Message History

You are electrocuted!
* * * LOW HITPOINT WARNING * * *
The orc sorcerer gestures wildly while chanting.
The sixfirhy hits you. The sixfirhy shocks you!
* * * LOW MAGIC WARNING * * *;
* * * LOW HITPOINT WARNING * * *
The orc warlord hits you with a +0 great mace!!
* * * LOW MAGIC WARNING * * *;
* * * LOW HITPOINT WARNING * * *
The orange demon screeches!
The orc warrior shouts!
The sixfirhy hits you.
* * * LOW HITPOINT WARNING * * *
The sixfirhy shocks you!
* * * LOW MAGIC WARNING * * *;
* * * LOW HITPOINT WARNING * * *
The sixfirhy hits you.
* * * LOW MAGIC WARNING * * *;
* * * LOW HITPOINT WARNING * * *
The sixfirhy shocks you!
* * * LOW MAGIC WARNING * * *;
* * * LOW HITPOINT WARNING * * *
The sixfirhy hits you.
* * * LOW MAGIC WARNING * * *;
* * * LOW HITPOINT WARNING * * *
The sixfirhy shocks you!
You die...

##.# .#...
...... #..
.#.... .o..
#....o# ##...
#...ToO####....
....oooo.#...#
#o@o#..##
#.3oo...#
#4)4o..##
#..[..##
$........o.
...#...#...4#
....#...##..o..
... #....
...... .# #.#.#
......


You could see an orc warlord, an orange demon, a rust devil, a troll, a
sixfirhy, a chaos spawn, 3 orc sorcerers, 4 orc warriors, an ogre, 2 orc wizards
and 3 orcs.

Vanquished Creatures
  Jorgrun (Orc:1)
  A tentacled starspawn (Abyss:2)
  Gastronok (D:8)
  An orc warlord (D:11)
  An ettin (D:11)
  A fire dragon (Lair:6)
  Harold (Lair:2)
  5 hydras
  Fannar (D:10)
  A yaktaur captain (D:15)
  5 vault guards (D:13)
  2 centaur warriors
  A two-headed ogre (D:9)
  Erica (D:10)
  2 tengu warriors
  Urug (Lair:2)
  Sonja (D:13)
  A hell knight (Abyss:2)
  2 skeletal warriors (Volcano)
  5 unseen horrors
  A lindwurm (Lair:6)
  4 wizards
  3 anaconda skeletons (Volcano)
  4 deep elf magi
  A necromancer (Abyss:2)
  Pikel (D:5)
  4 ugly things
  A worldbinder (Abyss:2)
  2 large abominations (Abyss:2)
  A manticore (D:14)
  3 elephants (Lair:6)
  4 cyclopes
  Maurice (D:8)
  5 torpor snails (Lair:3)
  9 black mambas
  9 spiny frogs
  2 centaur skeletons
  3 molten gargoyles (Lair:6)
  9 gargoyles
  2 kobold demonologists
  12 komodo dragons
  3 rime drakes
  A redback zombie (D:13)
  A yaktaur (D:15)
  3 trolls
  A polar bear (D:11)
  2 harpy skeletons (Volcano)
  16 blink frogs
  3 raiju (Abyss:2)
  5 hippogriffs
  2 alligator skeletons (Volcano)
  2 flying skulls (Volcano)
  18 yaks
  Sigmund (D:6)
  A centaur simulacrum (D:11)
  A shadow (D:14)
  A wraith (D:11)
  2 ynoxinuls (Abyss:2)
  A vampire (D:11)
  6 wyverns
  A human (D:13)
  Grum (D:8)
  3 vampire mosquitoes (D:14)
  3 basilisks
  2 chaos spawn (Abyss:2)
  A hungry ghost (D:8)
  A small abomination (Abyss:2)
  2 steam dragons (Lair:6)
  An acid dragon (D:15)
  3 nagas (Lair:3)
  4 hell hounds (Lair:6)
  16 water moccasins
  12 porcupines
  14 orc warriors
  A sky beast (D:10)
  6 ice beasts
  2 phantoms
  A black bear (D:8)
  3 eyes of draining
  17 wolves
  5 ogres
  6 centaurs
  12 crocodiles
  Blork the orc (D:5)
  4 big kobolds
  13 bullfrogs
  2 water moccasin zombies
  A wyvern skeleton (D:11)
  5 scorpions
  4 killer bees (D:11)
  A troll skeleton (Volcano)
  12 wights
  A spriggan skeleton (Volcano)
  10 howler monkeys
  2 electric eels
  7 crimson imps
  3 centaur zombies
  6 lava snakes
  2 quasits
  A bullfrog zombie (D:12)
  9 hounds
  6 jellies
  13 orc priests
  2 bullfrog skeletons
  14 worker ants
  5 iguanas
  12 orc wizards
  3 bullfrog simulacra (D:11)
  2 naga skeletons (Volcano)
  3 hound zombies
  A worker ant zombie (D:10)
  7 gnolls
  2 howler monkey skeletons
  A river rat (D:6)
  11 adders
  5 shadow imps
  3 white imps (D:11)
  An ooze (D:4)
  2 adder skeletons
  3 worms
  5 dart slugs
  6 leopard geckos
  44 orcs
  2 ball pythons
  5 giant cockroaches
  8 goblins
  11 hobgoblins
  7 jackals
  3 quokkas
  6 bats
  8 frilled lizards
  A giant cockroach zombie (D:5)
  28 kobolds
  A leopard gecko skeleton (D:4)
  9 rats
627 creatures vanquished.

Vanquished Creatures (others)
  A flying skull (Volcano)
  A slave (D:6)
  An orc wizard (D:6)
  2 orcs (D:6)
  A leopard gecko zombie (D:5)
  2 fungi
  A plant (Lair:3)
  A starspawn tentacle (Abyss:2)
10 creatures vanquished.

Grand Total: 637 creatures vanquished

Notes
Turn   | Place    | Note
-------+----------+-------------------------------------------
     0 | D:1      | SnubMonkey the Troll Wizard began the quest for the Orb.
     0 | D:1      | Reached XP level 1. HP: 16/16 MP: 2/2
    36 | D:1      | Reached skill level 1 in Unarmed Combat
   107 | D:1      | Reached XP level 2. HP: 24/24 MP: 4/4
   189 | D:1      | Reached skill level 2 in Unarmed Combat
   374 | D:1      | Reached XP level 3. HP: 31/31 MP: 5/5
   545 | D:2      | Reached skill level 3 in Unarmed Combat
   809 | D:2      | You fall into a shaft and drop 1 floor!
   814 | D:3      | Reached XP level 4. HP: 38/39 MP: 6/6
   884 | D:3      | Found an iron altar of Okawaru.
  1116 | D:2      | You fall into a shaft and drop 1 floor!
  1118 | D:3      | Reached skill level 4 in Unarmed Combat
  2057 | D:4      | Found a shattered altar of Ashenzari.
  2093 | D:4      | Reached XP level 5. HP: 43/45 MP: 7/7
  2200 | D:4      | Reached skill level 5 in Unarmed Combat
  2349 | D:4      | Reached skill level 6 in Unarmed Combat
  2349 | D:4      | Reached XP level 6. HP: 48/53 MP: 8/8
  3197 | D:5      | Entered Level 5 of the Dungeon
  3355 | D:5      | Reached skill level 7 in Unarmed Combat
  3408 | D:5      | Reached XP level 7. HP: 41/59 MP: 9/9
  3745 | D:5      | Found a stormy altar of Qazlal.
  3769 | D:5      | Found a basalt altar of Yredelemnul.
  3811 | D:5      | Noticed Blork the orc
  3823 | D:5      | Killed Blork the orc
  3823 | D:5      | Reached skill level 8 in Unarmed Combat
  3957 | D:5      | Found a blossoming altar of Fedhas.
  4038 | D:5      | Found a glowing golden altar of the Shining One.
  4040 | D:5      | Noticed an angel
  4335 | D:6      | Reached skill level 9 in Unarmed Combat
  4406 | D:6      | Reached XP level 8. HP: 59/67 MP: 10/10
  4408 | D:6      | Noticed Pikel
  4435 | D:5      | Killed Pikel
  4435 | D:5      | Reached skill level 10 in Unarmed Combat
  4553 | D:6      | Noticed Sigmund
  4574 | D:6      | Killed Sigmund
  4574 | D:6      | Reached skill level 1 in Fighting
  4602 | D:6      | Found a staircase to the Ecumenical Temple.
  4644 | Temple   | Entered the Ecumenical Temple
  4702 | Temple   | Became a worshipper of Cheibriados the Contemplative
  4736 | D:6      | Found Fiyckerr's Distillery.
  4738 | D:6      | Got a vibrating emerald amulet
  4739 | D:6      | Identified the amulet "Quicyjiun" {Inacc +Blink rC- rN+}
                  | (You found it on level 6 of the Dungeon)
  4764 | D:6      | Reached skill level 1 in Invocations
  4769 | D:6      | Reached skill level 11 in Unarmed Combat
  4769 | D:6      | Reached XP level 9. HP: 22/80 MP: 11/11
  4859 | D:6      | Found a sacrificial altar of Ru.
  4915 | D:6      | Bought 2 potions of heal wounds for 140 gold pieces
  4915 | D:6      | Bought a potion of agility for 56 gold pieces
  4915 | D:6      | Bought a potion of brilliance for 56 gold pieces
  4984 | D:6      | Found an ornate altar of the Wu Jian Council.
  5216 | D:7      | Learned a level 2 spell: Blink
  5219 | D:7      | Learned a level 2 spell: Call Imp
  5230 | D:7      | Reached * piety under Cheibriados
  5408 | D:7      | Reached skill level 1 in Translocations
  5884 | D:8      | Noticed Maurice
  5894 | D:8      | Killed Maurice
  5922 | D:8      | Learned a level 1 spell: Summon Butterflies
  5976 | D:8      | Reached ** piety under Cheibriados
  5995 | D:8      | Noticed Gastronok
  6254 | D:8      | Noticed Grum
  6276 | D:8      | Killed Grum
  6276 | D:8      | Reached skill level 12 in Unarmed Combat
  6426 | D:8      | Reached XP level 10. HP: 87/92 MP: 12/12
  6502 | D:8      | Found a staircase to the Lair.
  6621 | D:8      | Found an opulent altar of Gozag.
  6639 | D:8      | Killed Gastronok
  6784 | D:9      | Reached skill level 5 in Fighting
  6807 | D:9      | Reached *** piety under Cheibriados
  6897 | D:9      | Reached skill level 13 in Unarmed Combat
  7188 | D:10     | Entered Level 10 of the Dungeon
  7188 | D:10     | Noticed a two-headed ogre
  7198 | D:9      | Killed a two-headed ogre
  7198 | D:9      | Reached skill level 5 in Invocations
  7283 | D:10     | Noticed Erica
  7288 | D:10     | Killed Erica
  7424 | D:10     | Noticed a deep elf mage
  7424 | D:10     | Noticed a wizard
  7442 | D:10     | Killed a deep elf mage
  7442 | D:10     | Reached XP level 11. HP: 42/105 MP: 14/14
  7570 | D:10     | Noticed Fannar
  7588 | D:10     | Killed Fannar
  7720 | D:10     | Noticed a deep elf mage
  7721 | D:10     | Noticed a wizard
  7768 | D:10     | Cast into level 2 of the Abyss (a wizard)
  7799 | D:10     | Escaped the Abyss
  7807 | D:10     | Killed a wizard
  7930 | D:10     | Identified Sif Muna's Almanac of Dhcmrlchtdj
  7938 | D:10     | Identified the Almanac of Sand
  7948 | D:10     | Identified the Grimoire of Axaxaxas mlö
  7959 | D:10     | Killed a deep elf mage
  8113 | D:10     | Noticed a tengu warrior
  8132 | D:10     | Killed a tengu warrior
  8132 | D:10     | Reached skill level 14 in Unarmed Combat
  8589 | Lair:1   | Entered Level 1 of the Lair of Beasts
  8658 | Lair:1   | Found a dark tunnel.
  8666 | Volcano  | Entered a volcano
  8695 | Volcano  | Reached **** piety under Cheibriados
  8758 | Volcano  | HP: 1/107 [alligator skeleton (12)]
  8891 | Volcano  | Noticed a skeletal warrior
  8900 | Volcano  | Killed a skeletal warrior
  9139 | Volcano  | Reached XP level 12. HP: 95/118 MP: 16/16
  9217 | Volcano  | Identified the +3 fire dragon scales "Hoijif" {rF++ rC-
                  | Str+3}
  9231 | Volcano  | Reached skill level 15 in Unarmed Combat
  9412 | Lair:1   | Noticed an eight-headed hydra
  9417 | Lair:1   | Killed an eight-headed hydra
  9435 | Lair:1   | Reached skill level 1 in Armour
  9496 | Lair:1   | Found a runed translucent door.
  9497 | Lair:1   | Found a shimmering altar of Xom.
  9497 | Lair:1   | Noticed Gaatiu's ghost (journeyman TrMo)
  9619 | Lair:1   | Reached ***** piety under Cheibriados
 10112 | Lair:1   | Identified a scroll of acquirement
 10145 | Lair:2   | Found a staircase to the Swamp.
 10200 | Lair:2   | Noticed a six-headed hydra
 10218 | Lair:2   | Killed a 12-headed hydra
 10506 | Lair:2   | Noticed Urug
 10521 | Lair:2   | Killed Urug
 10743 | Lair:2   | Noticed Harold
 10763 | Lair:2   | Killed Harold
 10763 | Lair:2   | Reached skill level 1 in Throwing
 11713 | Lair:3   | Reached XP level 13. HP: 99/128 MP: 18/18
 11751 | Lair:3   | Reached ****** piety under Cheibriados
 12020 | Lair:3   | Found a snail-covered altar of Cheibriados.
 12239 | Lair:3   | Found a large runed translucent door.
 12239 | Lair:3   | Found a large runed translucent door.
 12277 | Lair:3   | Found a staircase to the Snake Pit.
 12307 | Lair:3   | Noticed Xol Empe's ghost (journeyman DsFi)
 13393 | Lair:5   | Found a staircase to the Slime Pits.
 13632 | Lair:5   | Reached skill level 5 in Throwing
 14073 | Lair:6   | Entered Level 6 of the Lair of Beasts
 14395 | Lair:6   | Reached skill level 16 in Unarmed Combat
 14531 | Lair:6   | Found an opulent altar of Gozag.
 14814 | Lair:6   | Found a large runed translucent door.
 14815 | Lair:6   | Found a large runed translucent door.
 14950 | Lair:6   | Reached XP level 14. HP: 128/140 MP: 20/20
 15456 | D:11     | Found a staircase to the Orcish Mines.
 15574 | D:11     | Found Fittin's General Store.
 15709 | D:11     | Reached skill level 10 in Invocations
 15835 | D:11     | Learned a level 2 spell: Sticks to Snakes
 16587 | D:12     | Reached skill level 1 in Transmutations
 17040 | D:13     | Noticed Sonja
 17072 | D:13     | Killed Sonja
 17403 | D:13     | Learned a level 2 spell: Passwall
 17920 | D:13     | Cast into level 2 of the Abyss (a wizard)
 17968 | Abyss:2  | Noticed a tentacled starspawn
 17978 | Abyss:2  | Killed a tentacled starspawn
 17978 | Abyss:2  | Reached skill level 10 in Fighting
 18076 | Abyss:2  | Noticed a balrug
 18251 | D:13     | Escaped the Abyss
 18306 | D:13     | Found a gate to the Vaults.
 18456 | D:14     | Reached skill level 1 in Shields
 19368 | D:14     | Reached XP level 15. HP: 144/149 MP: 19/21
 19516 | D:15     | Entered Level 15 of the Dungeon
 19731 | D:15     | Found a staircase to the Depths.
 20039 | Orc:1    | Entered Level 1 of the Orcish Mines
 20045 | Orc:1    | Noticed Jorgrun
 20242 | Orc:1    | Killed Jorgrun
 20242 | Orc:1    | Reached skill level 10 in Throwing
 20248 | Orc:1    | Noticed an orc warlord
 20285 | Orc:1    | Noticed an orc warlord
 20293 | D:11     | Killed an orc warlord
 20403 | Orc:1    | Paralysed by an orc sorcerer for 7 turns
 20406 | Orc:1    | Slain by a sixfirhy

Levels and vault maps discovered:
D:1:      dpeg_arrival_renting, layout_rooms
D:2:      layout_rooms, serial_glass, glass_columns_b, glass_columns_a
D:3:      layout_basic, st_stairs_5, okawaru_trees_1
D:4:      layout_gridville, evilmike_ruin_ashenzari
D:5:      layout_basic, grunt_temple_overflow_forces_of_nature,
          grunt_temple_overflow_holy_war, first_ration, uniq_blork_the_orc
D:6:      layout_cave_pools, overflow_temple_1_default, nicolae_ru_awakened_eye,
          minmay_temple_entry_grid, serial_bayou, serial_bayou_lagoon_a,
          serial_bayou_ford_a, serial_bayou_pond_b, serial_bayou_pond_d,
          serial_bayou_pond_b, serial_shops, shop, uniq_sigmund, uniq_pikel
D:7:      layout_loops_ring, serial_glass, glass_columns_b, glass_columns_a
D:8:      layout_rooms, lemuel_round_altar, grunt_lair_entry_orc_guard_hut,
          uniq_gastronok, uniq_maurice, uniq_grum
D:9:      layout_rooms, minivault_5
D:10:     layout_cave_pods, grunt_tengu_nest, bh_hangedman_babel_library,
          uniq_fannar, uniq_erica
D:11:     layout_long_grid, david_orc_3, serial_shops, shop, serial_ice,
          serial_ice_d, serial_ice_k, serial_ice_o, serial_ice_e, serial_ice_m,
          serial_ice_a
D:12:     layout_gridville
D:13:     layout_loops_ring, grunt_vaults_entry_fortified, uniq_sonja
D:14:     layout_grid_maze, serial_park_tiny_1
D:15:     grunt_enter_depths_snipers, layout_basic
Temple:   eino_narrow_crystal_temple
Lair:1:   layout_chaotic_city, ebering_ghost_xom, portal_ice_cave_rime,
          lightli_volcano_entry_magma_tube, beast_lair_carwin_6
Lair:2:   layout_cave_pods, swamp_mist_pool, disabler_island,
          grunt_megastairs_4, uniq_urug, uniq_harold
Lair:3:   layout_regular_city, minmay_snake_entry_guardpost_small,
          ebering_ghost_disaster_area, kennysheep_snail_temple,
          serial_bayou_shore_a
Lair:4:   layout_hall_layers
Lair:5:   layout_gridlike, slime_dummy
Lair:6:   cheibrodos_lair_end_hotspot, layout_long_grid, basic_altar
Orc:1:    layout_diamond_mine, mines1_david, uniq_jorgrun

Skill      XL: |  1  2  3  4  5  6  7  8  9 10 11 12 13 14 15 |
---------------+----------------------------------------------+-----
Unarmed Combat | 1 2 3 4 6 7 9 11 12 13 14 15 16 | 16.9
Fighting       | 2 4 5 7 8 9 10 | 10.4
Invocations    | 1 3 5 7 8 9 10 | 10.0
Translocations | 2 |  2.0
Armour         | 3 |  3.1
Throwing       | 3 7 9 10 | 10.1
Transmutations | 2 |  2.8
Shields        | 2 3 |  3.7
Dodging        | |  1.5
Stealth        | |  1.0
Spellcasting   | |  2.0
Conjurations   | |  0.6
Summonings     | |  0.6

Action                   |  1- 3 |  4- 6 |  7- 9 | 10-12 | 13-15 || total
-------------------------+-------+-------+-------+-------+-------++-------
Melee: Unarmed           |   134 |   231 |   266 |   427 |   828 ||  1886
       Punch             |     1 |     1 |    11 |    42 |    65 ||   120
       Staff             |       |       |       |     2 |       ||     2
Throw: Dart              |       |       |       |     3 |     6 ||     9
       Boomerang         |       |       |       |    23 |     9 ||    32
Invok: Bend Time         |       |       |       |     1 |       ||     1
       Slouch            |       |       |       |       |     1 ||     1
 Abil: Evoke Invisibilit |       |       |       |       |     1 ||     1
Evoke: Wand              |       |     1 |     2 |    18 |    10 ||    31
  Use: Scroll            |       |    15 |     4 |    10 |     7 ||    36
       Potion            |       |       |     1 |     4 |     4 ||     9
 Stab: Sleeping          |       |     1 |     1 |       |       ||     2
       Distracted        |       |       |     1 |       |       ||     1
       Invisible         |       |       |       |       |     5 ||     5
  Eat: Chunk             |    13 |    21 |    30 |    37 |    62 ||   163
Armor: Robe              |    75 |    87 |    86 |    87 |       ||   335
       Fire dragon scale |       |       |       |   124 |   575 ||   699
Dodge: Dodged            |    70 |    83 |   104 |   168 |   321 ||   746
Block: Large shield      |       |       |       |       |   193 ||   193

Table legend:
 A = Non-vault XP
 B = Vault XP
 C = Vault XP percentage of total XP
 D = Non-vault monster count
 E = Vault monster count
 F = Vault count percentage of total count
                 A         B        C        D         E       F
            +---------+---------+-------+---------+---------+-------
      Total |   68855 |   46982 |  40.6 |     492 |     135 |  21.5
            +---------+---------+-------+---------+---------+-------
        D:1 |      44 |       0 |   0.0 |      24 |       0 |   0.0
        D:2 |      70 |       0 |   0.0 |      22 |       0 |   0.0
        D:3 |      50 |       6 |  10.7 |      25 |       3 |  10.7
        D:4 |     378 |       0 |   0.0 |      26 |       0 |   0.0
        D:5 |     373 |     692 |  65.0 |      12 |       2 |  14.3
        D:6 |     801 |     635 |  44.2 |      21 |       9 |  30.0
        D:7 |     660 |       0 |   0.0 |      15 |       0 |   0.0
        D:8 |     679 |    3622 |  84.2 |      16 |      10 |  38.5
        D:9 |    1854 |       0 |   0.0 |      18 |       0 |   0.0
       D:10 |    1333 |    4667 |  77.8 |      21 |       6 |  22.2
       D:11 |   10467 |    1433 |  12.0 |      60 |      19 |  24.1
       D:12 |    3826 |     700 |  15.5 |      26 |       1 |   3.7
       D:13 |    3122 |    7554 |  70.8 |      21 |      11 |  34.4
       D:14 |    6905 |       0 |   0.0 |      24 |       0 |   0.0
       D:15 |    3362 |    2250 |  40.1 |      22 |       3 |  12.0
     Lair:1 |    4978 |    1807 |  26.6 |      19 |       9 |  32.1
     Lair:2 |    2441 |    3365 |  58.0 |       9 |       6 |  40.0
     Lair:3 |    4461 |    2594 |  36.8 |      24 |       8 |  25.0
     Lair:4 |    2721 |       0 |   0.0 |       9 |       0 |   0.0
     Lair:5 |    4116 |       0 |   0.0 |      17 |       0 |   0.0
     Lair:6 |    8783 |    7589 |  46.4 |      36 |      27 |  42.9
      Orc:1 |     756 |    3113 |  80.5 |      10 |       1 |   9.1
    Abyss:2 |    6675 |       0 |   0.0 |      15 |       0 |   0.0
    Volcano |       0 |    6955 | 100.0 |       0 |      20 | 100.0
            +---------+---------+-------+---------+---------+-------
